 Dungeon Crawl Stone Soup version 0.20.0-15-g7f486f2 (webtiles) character file.

9177 Gorglomux the Warrior (level 11, -4/199 HPs)
             Began as an Ogre Artificer on June 11, 2017.
             Was a Follower of Ashenzari.
             Slain by a yak (6 damage)
             ... on level 10 of the Dungeon.
             The game lasted 00:16:11 (9637 turns).

Gorglomux the Warrior (Ogre Artificer)              Turns: 9637, Time: 00:16:11

Health: -4/199     AC:  4    Str: 25    XL:     11   Next: 42%
Magic:  21/21      EV: 10    Int: 12    God:    Ashenzari [*.....]
Gold:   439        SH:  0    Dex: 14    Spells: 10/10 levels left

rFire    + . .     SeeInvis .   G - +9 quarterstaff "Cefug" {flame, MP+9 Dex+4 Stlth+} (curse)
rCold    . . .     Gourm    .   (shield currently unavailable)
rNeg     . . .     Faith    .   b - +0 robe
rPois    .         Spirit   .   (helmet restricted)
rElec    .         Reflect  .   S - +0 cloak (curse)
rCorr    .         Harm     .   (gloves unavailable)
MR       +....                  (boots unavailable)
Stlth    ..........             r - amulet of regeneration (curse)
Regen    0.9/turn               f - ring of protection from fire
MPRegen  0.2/turn               x - ring of stealth

@: berserking, slowed
A: unfitting armour, tough skin 1
a: Curse Item, Scrying, Renounce Religion


You were on level 10 of the Dungeon.
You worshipped Ashenzari.
Ashenzari was aware of your devotion.
You were not hungry.

You visited 2 branches of the dungeon, and saw 11 of its levels.

You collected 439 gold pieces.

Inventory:

Hand Weapons
 G - the cursed +9 quarterstaff "Cefug" (weapon) {flame, MP+9 Dex+4 Stlth+}
   (You found it on level 4 of the Dungeon)

   It has been specially enchanted to burn those struck by it, causing extra
   injury to most foes and up to half again as much damage against particularly
   susceptible opponents.
   It affects your dexterity (+4).
   It affects your magic capacity (+9).
   It makes you more stealthy.
   It has a curse placed upon it.
Missiles
 Z - a throwing net (quivered)
Armour
 b - a +0 robe (worn)
 S - a cursed +0 cloak (worn)
Jewellery
 f - a ring of protection from fire (left hand)
 r - a cursed amulet of regeneration (around neck)
 x - a ring of stealth (right hand)
Wands
 c - a wand of flame (7/48)
 e - a wand of random effects (5/48)
 D - a wand of digging (14/24)
 E - a wand of enslavement (6/24)
 R - a wand of enslavement (15/24)
 Y - a wand of flame (14/48)
Scrolls
 s - a scroll of random uselessness {unknown}
 t - a scroll of immolation {unknown}
 B - 2 scrolls of summoning {unknown}
 I - 2 scrolls of noise {unknown}
 K - 6 scrolls of recharging {unknown}
 L - a scroll of vulnerability {unknown}
 N - 3 scrolls of amnesia {unknown}
 T - 4 scrolls of teleportation
 U - 3 scrolls of fog {unknown}
 X - a scroll of magic mapping {unknown}
Potions
 q - 3 potions of haste {unknown}
 w - 3 potions of agility
 F - 7 potions of flight
 H - 2 potions of mutation
 O - 3 potions of might
 Q - 3 potions of curing
 V - 3 potions of ambrosia
Books
 A - a book of Geomancy

   Spells                             Type                      Level
   a - Sandblast                      Earth                        1
   b - Passwall                       Transmutation/Earth          2
   c - Stone Arrow                    Conjuration/Earth            3
   d - Petrify                        Transmutation/Earth          4
   e - Lee's Rapid Deconstruction     Earth                        5
 C - a book of Callings

   Spells                             Type                      Level
   a - Summon Small Mammal            Summoning                    1
   b - Call Imp                       Summoning                    2
   c - Call Canine Familiar           Summoning                    3
   d - Summon Guardian Golem          Hexes/Summoning              3
   e - Summon Lightning Spire         Summoning/Air                4
   f - Summon Ice Beast               Ice/Summoning                4
 W - a book of Changes

   Spells                             Type                      Level
   a - Beastly Appendage              Transmutation                1
   b - Sticks to Snakes               Transmutation                2
   c - Spider Form                    Transmutation/Poison         3
   d - Ice Form                       Ice/Transmutation            4
   e - Blade Hands                    Transmutation                5
Comestibles
 v - 6 royal jellies
 y - 4 bread rations
 z - 8 meat rations
 M - 16 fruits
 P - 6 chunks of flesh


   Skills:
 + Level 15.4 Fighting
   Level 0.6 Short Blades
   Level 3.8(7.7) Maces & Flails
 + Level 11.3(11.6) Staves
 - Level 1.7 Dodging
 - Level 0.6 Stealth
 - Level 2.4 Evocations


You had 10 spell levels left.
You didn't know any spells.

Dungeon Overview and Level Annotations

Branches:
Dungeon (10/15)            Temple (1/1) D:5            Lair (0/6) D:8
    Orc: D:9-12

Altars:
Ashenzari
Cheibriados
Dithmenos
Elyvilon
Fedhas
Gozag
Hepliaklqana
Kikubaaqudgha
Makhleb
Nemelex Xobeh
Okawaru
Qazlal
Ru
Sif Muna
Trog
Uskayaw
Vehumet
Xom
Yredelemnul
Zin
The Shining One

Shops:
D:6 (   D:9 %

Annotations:
D:7 weird vault, 1 exclusion


Innate Abilities, Weirdness & Mutations

You are too large for most types of armour.
You have tough skin. (AC +1)


Message History

You closely miss the wraith. The yak barely misses you.
You hit the wraith but do no damage. The wraith barely misses you.
You sock the wraith! You burn the wraith.
The wraith is moderately damaged.
The yak gores you!
* * * LOW HITPOINT WARNING * * *
The wraith hits you.
* * * LOW HITPOINT WARNING * * *
The wraith drains your vigour!
You feel as though you will be slow longer.
You sock the wraith! You burn the wraith.
The wraith is severely damaged.
The yak gores you!
* * * LOW HITPOINT WARNING * * *
The wraith hits you!
* * * LOW HITPOINT WARNING * * *
You sock the wraith! You burn the wraith.
You destroy the wraith!
The yak gores you.
You die...

###########
######.....#
#...##)###.######
#...##.# #.#.....
##...##.# #.#.###.
##.......###.......
#...............#.#
#................<.
#.@##.#############
#.Y##.# #).##.#
#...#.# #.#.#.# ...
.# #### .# .# .#


You could see a yak.

Vanquished Creatures
  Erica (D:10)
  A hydra (D:8)
  Joseph (D:10)
  A gargoyle (D:7)
  A hippogriff (D:9)
  2 dream sheep (D:8)
  11 yaks
  2 wraiths (D:10)
  A wyvern (D:10)
  A hungry ghost (D:8)
  The ghost of George the Slasher, an amateur DsGl of Okawaru (D:4)
  The ghost of Gorglomux the Skirmisher, an amateur OgAr (D:3)
  An ice beast (D:6)
  3 sky beasts
  A black bear (D:9)
  3 orc warriors
  An ogre (D:9)
  2 centaurs
  A crocodile (D:8)
  4 big kobolds (D:8)
  5 bullfrogs
  A wyvern zombie (D:8)
  3 scorpions
  3 killer bees (D:10)
  6 wights
  A howler monkey (D:8)
  2 crimson imps
  A centaur zombie (D:5)
  Crazy Yiuf (D:3)
  4 orc priests (D:8)
  4 hounds
  4 jellies
  5 orc wizards
  Jessica (D:3)
  Terence (D:3)
  4 iguanas
  4 worker ants
  11 gnolls
  A howler monkey skeleton (D:7)
  7 adders
  3 shadow imps
  2 oozes
  An adder zombie (D:8)
  An adder skeleton (D:7)
  A worm (D:3)
  A dart slug (D:1)
  8 leopard geckos
  17 orcs
  8 giant cockroaches
  7 goblins
  9 hobgoblins
  9 jackals
  7 kobolds
  5 quokkas
  2 ball pythons
  4 bats
  17 frilled lizards
  A quokka zombie (D:8)
  7 rats
  A butterfly (D:5)
220 creatures vanquished.

Vanquished Creatures (collateral kills)
  Josephine (D:10)
  A wraith (D:10)
  An orc wizard (D:3)
  Robin (D:3)
  2 orcs (D:3)
  A bat (D:3)
  3 goblins (D:3)
  2 hobgoblins (D:3)
12 creatures vanquished.

Vanquished Creatures (others)
  An adder (D:3)
  A fungus (D:9)
2 creatures vanquished.

Grand Total: 234 creatures vanquished

Notes
Turn   | Place    | Note
-------+----------+-------------------------------------------
     0 | D:1      | Gorglomux the Ogre Artificer began the quest for the Orb.
     0 | D:1      | Reached XP level 1. HP: 19/19 MP: 2/2
    30 | D:1      | Reached skill level 2 in Fighting
   292 | D:1      | Reached XP level 2. HP: 21/29 MP: 3/3
   312 | D:1      | Reached skill level 3 in Fighting
   834 | D:1      | Reached XP level 3. HP: 38/39 MP: 4/4
   843 | D:1      | Reached skill level 4 in Fighting
  2077 | D:2      | Reached skill level 1 in Maces & Flails
  2077 | D:2      | Reached XP level 4. HP: 27/49 MP: 5/5
  2721 | D:3      | Reached skill level 5 in Fighting
  2987 | D:3      | Noticed Terence
  2988 | D:3      | Noticed Robin
  2999 | D:3      | Killed Robin
  3030 | D:3      | Killed Terence
  3219 | D:3      | Reached XP level 5. HP: 54/57 MP: 6/6
  3400 | D:3      | Noticed Jessica
  3408 | D:3      | Killed Jessica
  3525 | D:3      | Found a runed door.
  3586 | D:3      | Noticed Gorglomux's ghost (amateur OgAr)
  3647 | D:3      | Killed Gorglomux's ghost
  3647 | D:3      | Reached skill level 6 in Fighting
  3647 | D:3      | Reached skill level 3 in Maces & Flails
  3647 | D:3      | Reached XP level 6. HP: 14/68 MP: 7/7
  4115 | D:3      | Noticed Crazy Yiuf
  4119 | D:3      | Killed Crazy Yiuf
  4171 | D:4      | Reached skill level 7 in Fighting
  4219 | D:4      | Noticed George's ghost (amateur DsGl)
  4398 | D:4      | Reached XP level 7. HP: 46/78 MP: 8/8
  4512 | D:4      | Got a smoking quarterstaff
  4513 | D:4      | Identified the +9 quarterstaff "Cefug" {flame, MP+9 Dex+4 Stlth+} (You found it on level 4 of the Dungeon)
  4642 | D:4      | Killed George's ghost
  4642 | D:4      | Reached skill level 1 in Staves
  4925 | D:5      | Entered Level 5 of the Dungeon
  4977 | D:5      | Reached skill level 8 in Fighting
  5057 | D:5      | Found a staircase to the Ecumenical Temple.
  5192 | Temple   | Entered the Ecumenical Temple
  5431 | Temple   | Became a worshipper of Ashenzari the Shackled
  5805 | D:6      | Reached skill level 3 in Staves
  5811 | D:6      | Reached XP level 8. HP: 59/89 MP: 9/9
  5887 | D:6      | Found Tyaf's Antique Weapon Boutique.
  6136 | D:6      | Reached skill level 9 in Fighting
  6628 | D:7      | Reached skill level 10 in Fighting
  6887 | D:7      | Noticed a gargoyle
  6892 | D:7      | Killed a gargoyle
  6892 | D:7      | Reached skill level 6 in Staves
  6892 | D:7      | Reached XP level 9. HP: 61/102 MP: 10/10
  7065 | D:8      | Reached skill level 11 in Fighting
  7290 | D:8      | Reached skill level 12 in Fighting
  7426 | D:8      | Noticed a two-headed hydra
  7434 | D:8      | Killed a two-headed hydra
  7434 | D:8      | Reached skill level 13 in Fighting
  7434 | D:8      | Reached XP level 10. HP: 65/119 MP: 11/11
  7574 | D:8      | Found a staircase to the Lair.
  7581 | D:8      | Reached skill level 9 in Staves
  7587 | D:8      | Identified the +3 war axe of the Grave {chop, Int+4}
  8161 | D:9      | Reached * piety under Ashenzari
  8274 | D:9      | Found Manil's Food Shop.
  8476 | D:9      | Reached skill level 14 in Fighting
  8680 | D:9      | Found a shattered altar of Ashenzari.
  8684 | D:9      | Saw a vision of the Swamp and the Snake Pit.
  8684 | D:9      | Noticed a naga warrior
  8684 | D:9      | Noticed a black mamba
  8684 | D:9      | Noticed a naga mage
  8684 | D:9      | Noticed a naga mage
  8684 | D:9      | Noticed a mana viper
  8684 | D:9      | Noticed an alligator
  8684 | D:9      | Noticed an alligator
  8685 | D:9      | Noticed a naga mage
  8804 | D:9      | Noticed a white ugly thing
  9071 | D:10     | Entered Level 10 of the Dungeon
  9074 | D:10     | Noticed Joseph
  9084 | D:10     | Killed Joseph
  9084 | D:10     | Reached XP level 11. HP: 42/131 MP: 12/12
  9573 | D:10     | Noticed Erica
  9582 | D:10     | Killed Erica
  9582 | D:10     | Reached skill level 15 in Fighting
  9602 | D:10     | Noticed Josephine
  9610 | D:10     | Killed Josephine
  9628 | D:10     | HP: 6/132 [yak (15)]
  9636 | D:10     | HP: 8/198 [yak (10)]
  9636 | D:10     | HP: 1/198 [wraith[Josephine] (7)]
  9637 | D:10     | Slain by a yak

Skill      XL: |  1  2  3  4  5  6  7  8  9 10 11 |
---------------+----------------------------------+-----
Fighting       | 2 3 4 5 6 7 8 10 13 14 15 | 15.4
Maces & Flails | 1 3 |  3.8
Staves         | 3 6 8 10 11 | 11.3
Short Blades   | |  0.6
Dodging        | |  1.7
Stealth        | |  0.6
Evocations     | |  2.4

Action                   |  1- 3 |  4- 6 |  7- 9 | 10-12 || total
-------------------------+-------+-------+-------+-------++-------
Melee: Short sword       |    33 |       |       |       ||    33
       Hand axe          |    42 |       |       |       ||    42
       Whip              |    86 |   287 |       |       ||   373
       Quarterstaff      |       |       |   190 |   192 ||   382
       Unarmed           |       |       |     4 |       ||     4
Throw: Throwing net      |       |     1 |       |       ||     1
Invok: Curse Item        |       |       |     2 |     1 ||     3
Evoke: Wand              |       |    18 |       |     9 ||    27
  Use: Potion            |       |     2 |       |     3 ||     5
       Scroll            |       |     1 |       |     7 ||     8
 Stab: Sleeping          |     1 |     1 |    14 |     7 ||    23
       Held in net/web   |       |     1 |       |       ||     1
       Distracted        |       |     1 |     1 |       ||     2
       Betrayed ally     |       |     1 |       |       ||     1
  Eat: Chunk             |     4 |     8 |     5 |     7 ||    24
       Bread ration      |       |       |     1 |       ||     1
Armor: Robe              |    41 |    62 |    31 |    22 ||   156
Dodge: Dodged            |   104 |   180 |    85 |    96 ||   465
